cohdb
Replays
Latest Replays
All Replays
Popular Replays
Top Player Replays
Match Explorer
How It Works
Community
CoH3 Stats
Reddit
Sign in to upload your games and track your stats! →
Sign in with Steam
Match 41642162
Unlisted
Match 41642162
Overview
Messages
Build Orders
End
Scout Squad
Selects Heavy Weapons
Construct Barracks
Riflemen Squad
1⁄4-ton 4x4 Truck
Riflemen Squad
Infantry Support Center
Selects Assault Carriers
Riflemen Squad
M1 Mortar Team
Selects M2HB .50cal Heavy Machine Gun
Construct Weapon Support Center
Petrov
Snake Doctor
Tanith's Finest
2.0
0
0
Comments
sign in to comment!
No comments posted yet!